[Event "Titled Tuesday Blitz December 20 Early 2022"]
[White "BlueWizzard"]
[Black "Jacomet Rodriguez, Josep-M."]
[BlackFideId "54509815"]
[WhiteElo "2862"]
[BlackElo "3034"]
[Result "0-1"]
[Round "09"]
[TimeControl "180+2"]
[Date "2022.12.20"]
[WhiteClock "0:00:05"]
[BlackClock "0:00:25"]

1. e4 c5 2. Nf3 d6 3. Be2 Nf6 4. Nc3 Nc6 5. d4 cxd4 6. Nxd4 e5 7. Nf3 h6 8. O-O Be6 9. Re1 Be7 10. Nd2 O-O 11. Nc4 Nd4 12. Bd3 Rc8 13. Ne3 a6 14. Ncd5 Nxd5 15. exd5 Bd7 16. c3 Nb5 17. Nf5 Bxf5 18. Bxf5 Rb8 19. a4 Nc7 20. Be3 Ne8 21. a5 Bg5 22. Ba7 Ra8 23. Bb6 Qe7 24. Ra4 g6 25. Bc2 f5 26. f4 Bh4 27. g3 Bf6 28. Kh1 h5 29. Qd2 e4 30. Bb3 Rc8 31. Kg2 Bg7 32. Rb4 Nf6 33. Kf1 Ng4 34. h3 Nf6 35. Bf2 h4 36. Bd1 hxg3 37. Bxg3 Qc7 38. Be2 Rb8 39. Ra1 Rfe8 40. Kg2 Bh6 41. Qd4 Bg7 42. Qb6 Qd7 43. Rd1 Kh7 44. c4 e3 45. c5 dxc5 46. Rc4 Ne4 47. d6 Rbc8 48. Qb3 Rc6 49. Qa3 Rxd6 50. Rxd6 Qxd6 51. Qxe3 Qd5 52. Qd3 Qg8 53. Bf3 Rd8 54. Bxe4 Rxd3 55. Bxd3 Qd5+ 0-1


[Site "https://www.chess.com"]

[Event "Titled Tuesday Blitz December 20 Early 2022"]
[White "Borges Matos, Juan"]
[Black "HackingKid98"]
[WhiteFideId "3500160"]
[WhiteElo "2409"]
[BlackElo "2488"]
[Result "0-1"]
[Round "09"]
[TimeControl "180+2"]
[Date "2022.12.20"]
[WhiteClock "0:00:10"]
[BlackClock "0:00:31"]

1. d4 Nf6 2. c4 e6 3. g3 d5 4. Nf3 dxc4 5. Bg2 Nbd7 6. O-O a6 7. a4 Rb8 8. b3 cxb3 9. Qxb3 Be7 10. Bb2 O-O 11. Nbd2 c5 12. a5 b5 13. axb6 Qxb6 14. Qxb6 Nxb6 15. dxc5 Bxc5 16. Rfc1 Be7 17. Ne5 Nbd5 18. Ndc4 Bb7 19. Bd4 Nb4 20. Ba7 Ra8 21. Bxb7 Rxa7 22. Bg2 Rc7 23. Nb6 Bc5 24. Na4 Rfc8 25. e3 Nfd5 26. Kf1 f6 27. Nf3 Ba7 28. Rxc7 Rxc7 29. Nd4 Bxd4 30. exd4 Rc2 31. Nc5 Kf7 32. Nxa6 Nd3 33. Nc5 Rxf2+ 34. Kg1 Rd2 35. Ra7+ Ne7 36. Bf1 Ne1 0-1


[Site "https://www.chess.com"]

[Event "Titled Tuesday Blitz December 20 Early 2022"]
[White "Cag, Ceyda"]
[Black "kidagent"]
[WhiteFideId "34571477"]
[WhiteElo "2157"]
[BlackElo "2292"]
[Result "0-1"]
[Round "09"]
[TimeControl "180+2"]
[Date "2022.12.20"]
[WhiteClock "0:00:03"]
[BlackClock "0:00:26"]

1. e4 c5 2. Nf3 d6 3. d4 cxd4 4. Nxd4 Nf6 5. Nc3 a6 6. Be2 e5 7. Nb3 Be7 8. O-O O-O 9. f4 b5 10. Bf3 b4 11. Nd5 Nxd5 12. Qxd5 Ra7 13. fxe5 Be6 14. Qd4 Nc6 15. Qe3 dxe5 16. Rd1 Rd7 17. Rxd7 Qxd7 18. Bd2 Nd4 19. Nxd4 exd4 20. Qd3 Rc8 21. e5 Bf5 22. Be4 Bxe4 23. Qxe4 a5 24. a3 bxa3 25. bxa3 a4 26. Bb4 Bg5 27. Rd1 Rc4 28. g3 h6 29. Bd6 Be3+ 30. Kg2 Qc8 31. e6 Rxc2+ 32. Kh1 fxe6 33. Be5 Rd2 34. Rxd2 Qc1+ 35. Kg2 Qxd2+ 36. Kh3 Qf2 37. Qg6 Qf5+ 38. Qxf5 exf5 39. Kg2 Kf7 40. Kf3 g5 41. h3 Ke6 42. Bg7 h5 43. Ke2 Kd5 44. Kd3 Bf2 0-1


[Site "https://www.chess.com"]

[Event "Titled Tuesday Blitz December 20 Early 2022"]
[White "Calzadilla De la Cruz, Maray"]
[Black "Tsigelnitskiy, Ilusha"]
[WhiteFideId "3509770"]
[BlackFideId "4132971"]
[WhiteElo "1994"]
[BlackElo "2342"]
[Result "1-0"]
[Round "09"]
[TimeControl "180+2"]
[Date "2022.12.20"]
[WhiteClock "0:00:45"]
[BlackClock "0:00:01"]

1. e4 c5 2. Nf3 Nc6 3. Bb5 g6 4. O-O Bg7 5. Re1 Nf6 6. c3 O-O 7. d4 d5 8. exd5 Qxd5 9. Na3 Bg4 10. Bc4 Qh5 11. Be3 cxd4 12. cxd4 Bxf3 13. Qxf3 Qxf3 14. gxf3 Rfd8 15. Rad1 Nb4 16. Bd2 Nbd5 17. Re5 e6 18. Bg5 Rd6 19. Nb5 Rc6 20. Bb3 a6 21. Na3 Rac8 22. Ree1 b5 23. Bd2 Nb6 24. Bb4 Nc4 25. Nxc4 bxc4 26. Ba4 Rb6 27. Ba3 Nd5 28. Re4 c3 29. Rc1 Rc7 30. Bb3 cxb2 31. Bxb2 Rxc1+ 32. Bxc1 Nc3 33. Re1 Bxd4 34. Bh6 Bg7 35. Be3 Rb8 36. Kf1 Nd5 37. Bg5 h6 38. Bh4 g5 39. Bg3 Rc8 40. Rd1 Rd8 41. Bc7 Rd7 42. Ba5 Be5 43. Ba4 Rb7 44. Bc6 Rb2 45. a4 Nf4 46. Be4 Kg7 47. Bd2 Bf6 48. Be3 Ra2 49. Bc6 Nd5 50. Ba7 Nc3 51. Rd7 Nxa4 52. Rb7 Nc5 53. Bxc5 Rc2 54. Be8 Rxc5 55. Rxf7+ Kg6 56. Rc7+ Kf5 57. Rxc5+ Kf4 58. Bh5 Bd4 59. Rc4 e5 60. Rc6 g4 61. fxg4 Kg5 62. Rg6+ Kh4 63. Rxh6 Kh3 64. Rxa6 Kxh2 65. g5 1-0


[Site "https://www.chess.com"]

[Event "Titled Tuesday Blitz December 20 Early 2022"]
[White "Cambel, Vladimir"]
[Black "kritipatel"]
[WhiteFideId "14908930"]
[WhiteElo "2006"]
[BlackElo "2085"]
[Result "1-0"]
[Round "09"]
[TimeControl "180+2"]
[Date "2022.12.20"]
[WhiteClock "0:01:11"]
[BlackClock "0:00:56"]

1. e4 e5 2. Nf3 Nc6 3. Bb5 a6 4. Bxc6 dxc6 5. d4 exd4 6. Qxd4 Qxd4 7. Nxd4 Bd6 8. f3 Ne7 9. Be3 O-O 10. Nc3 f5 11. exf5 Nxf5 12. Nxf5 Bxf5 13. O-O-O Rae8 14. Bd2 Bb4 15. Rde1 Rd8 16. Nb1 Bxd2+ 17. Nxd2 Rd6 18. Nc4 Rd4 19. Ne3 Bg6 20. Rd1 Rfd8 21. Rxd4 Rxd4 22. Rd1 Rxd1+ 23. Kxd1 Kf7 24. Kd2 Ke6 25. f4 Be4 26. b4 b6 27. a3 g6 28. g3 Bd5 29. c4 Be4 30. c5 bxc5 31. bxc5 Bd5 32. Kc3 a5 33. Kd4 Bb3 34. g4 Bd5 35. Nc4 Bxc4 36. Kxc4 Kf6 37. Kd4 Ke6 38. Ke4 Kf6 39. h3 Ke6 40. a4 Kf6 41. f5 Kg5 42. Ke5 gxf5 43. gxf5 Kh4 44. f6 h5 45. f7 Kxh3 46. f8=Q h4 47. Kf4 Kh2 48. Qg7 h3 49. Kf3 Kh1 50. Kf2 h2 51. Qg2# 1-0


[Site "https://www.chess.com"]

[Event "Titled Tuesday Blitz December 20 Early 2022"]
[White "Canche Cab, Marco Alexei"]
[Black "Chesstrainer1"]
[WhiteFideId "5116139"]
[WhiteElo "2004"]
[BlackElo "2467"]
[Result "1-0"]
[Round "09"]
[TimeControl "180+2"]
[Date "2022.12.20"]
[WhiteClock "0:00:10"]
[BlackClock "0:00:02"]

1. c4 Nf6 2. Nc3 g6 3. Nf3 Bg7 4. e4 d6 5. d4 O-O 6. Be2 e5 7. dxe5 dxe5 8. Qxd8 Rxd8 9. Bg5 Re8 10. Nd5 Nxd5 11. cxd5 c6 12. Bc4 cxd5 13. Bxd5 Nd7 14. Nd2 Nb6 15. Bb3 Be6 16. Ke2 f6 17. Be3 Bf8 18. Rhc1 Kf7 19. Rc7+ Re7 20. Rac1 Rd8 21. Rxe7+ Bxe7 22. Rc7 Rb8 23. Bc5 Nc8 24. Nc4 Ke8 25. Bxe7 Bxc4+ 26. Bxc4 Nxe7 27. Be6 a6 28. Ke3 a5 29. h4 b6 30. g4 Kd8 31. Rd7+ Ke8 32. g5 f5 33. exf5 gxf5 34. h5 Rd8 35. Rxd8+ Kxd8 36. g6 hxg6 37. h6 g5 38. h7 Ng6 39. Bxf5 Nh8 40. Ke4 Nf7 41. Bg6 Nh8 42. Bh5 Ke7 43. Kxe5 b5 44. Kf5 b4 45. Kxg5 a4 46. f4 a3 47. bxa3 bxa3 48. f5 Kf8 49. Kh6 Ke7 50. Kg7 1-0


[Site "https://www.chess.com"]

[Event "Titled Tuesday Blitz December 20 Early 2022"]
[White "Carvalho, Heracles Elieser"]
[Black "Lion-Al-Messi"]
[WhiteFideId "22751114"]
[WhiteElo "1895"]
[BlackElo "2520"]
[Result "0-1"]
[Round "09"]
[TimeControl "180+2"]
[Date "2022.12.20"]
[WhiteClock "0:00:05"]
[BlackClock "0:01:21"]

1. e4 c5 2. Nc3 Nc6 3. g3 e5 4. Bg2 Nf6 5. d3 d6 6. f4 Be7 7. Nf3 Bg4 8. h3 Bxf3 9. Qxf3 Qd7 10. O-O Nd4 11. Qf2 h5 12. Nd1 g6 13. c3 Ne6 14. f5 gxf5 15. exf5 Nd8 16. Ne3 Nc6 17. Nd5 O-O-O 18. Nxe7+ Qxe7 19. Bg5 Rhg8 20. h4 d5 21. Rae1 Qd6 22. b4 Ng4 23. Qxc5 Qxc5+ 24. bxc5 f6 25. Bd2 d4 26. Bxc6 bxc6 27. c4 Kd7 28. Rb1 Rb8 29. a4 Kc7 30. Kg2 Rxb1 31. Rxb1 Rb8 32. Ba5+ Kc8 33. Rxb8+ Kxb8 34. Bd8 Kc8 35. Be7 Kd7 36. Bd6 Ne3+ 37. Kf3 Nxf5 38. Bb8 a6 39. g4 hxg4+ 40. Kxg4 Ne3+ 41. Kf3 Ke6 42. Bd6 f5 43. Bf8 Kf6 44. Bh6 Ng4 45. Bg5+ Kg6 46. Bd8 Nf6 47. Bc7 e4+ 48. dxe4 fxe4+ 49. Kf4 d3 50. Ke3 Ng4+ 51. Kd2 Kh5 52. Bd8 Ne5 53. Kc3 Nf3 54. Bf6 Nxh4 55. Bd4 Nf3 56. Be3 Kg4 57. Bh6 Kh3 58. Be3 Kg2 59. a5 Kf1 60. Bf4 Ke2 0-1


[Site "https://www.chess.com"]

[Event "Titled Tuesday Blitz December 20 Early 2022"]
[White "Castro Andrade, Seirbert Cristian"]
[Black "Ball, John D L"]
[WhiteFideId "3863336"]
[BlackFideId "402150"]
[WhiteElo "1364"]
[BlackElo "2230"]
[Result "1-0"]
[Round "09"]
[TimeControl "180+2"]
[Date "2022.12.20"]
[WhiteClock "0:01:03"]
[BlackClock "0:00:06"]

1. e4 c5 2. Nf3 g6 3. d4 cxd4 4. Nxd4 Nc6 5. c4 Nf6 6. Nc3 d6 7. Be2 Nxd4 8. Qxd4 Bg7 9. O-O O-O 10. Qd3 Be6 11. Rb1 Qa5 12. b3 Rfc8 13. Bd2 a6 14. Nd5 Qd8 15. Be3 Nxd5 16. cxd5 Bd7 17. Rfc1 Qa5 18. a4 b5 19. Bd2 Qb6 20. a5 Qb7 21. b4 e6 22. Bf4 exd5 23. Qxd5 Bc6 24. Qxd6 Bxe4 25. Rxc8+ Rxc8 26. Bf3 Bf8 27. Qb6 Bxf3 28. gxf3 Qxf3 29. Qxa6 Ra8 30. Qf6 Qe4 31. Rc1 Qxb4 32. Be5 Qg4+ 33. Kh1 Qe4+ 34. f3 Qxe5 35. Qxe5 Re8 36. Qxe8 1-0


[Site "https://www.chess.com"]

[Event "Titled Tuesday Blitz December 20 Early 2022"]
[White "ChadBiryani"]
[Black "tylityli"]
[WhiteElo "2454"]
[BlackElo "2334"]
[Result "1-0"]
[Round "09"]
[TimeControl "180+2"]
[Date "2022.12.20"]
[WhiteClock "0:00:05"]
[BlackClock "0:00:03"]

1. d4 Nf6 2. Bf4 d5 3. e3 c5 4. dxc5 Nc6 5. Bb5 Qa5+ 6. Nc3 a6 7. Bxc6+ bxc6 8. a3 Qxc5 9. Nf3 Bg4 10. O-O e6 11. h3 Bh5 12. Na4 Qa7 13. c4 Be7 14. Rc1 O-O 15. cxd5 Nxd5 16. Rxc6 Nxf4 17. exf4 Qb7 18. Rc3 Bf6 19. Re3 Rab8 20. b4 a5 21. Nc5 Qb5 22. Nd7 Rfd8 23. Nxf6+ gxf6 24. Qa1 Qf5 25. g4 Bxg4 26. hxg4 Qxg4+ 27. Kh1 Qxf4 28. Rg1+ Kf8 29. Qc3 Rb5 30. Nh2 axb4 31. axb4 Rh5 32. Reg3 Qh4 33. Rg8+ Ke7 34. R8g2 Rd4 35. Qc7+ Rd7 36. Qb8 Rd8 37. Qb7+ Rd7 38. Qc6 Qxb4 39. Qc2 Qd6 40. Qc3 Qe5 41. Qxe5 fxe5 42. Rg3 Rh4 43. Kg2 f5 44. Nf3 Rg4 45. Rxg4 fxg4 46. Nxe5 Rd4 47. Kg3 h5 48. Rb1 Re4 49. Ng6+ Kf6 50. Nf4 Kf5 51. Nxh5 Kg5 52. Ng7 Kg6 53. Ne8 Kf7 54. Nd6+ 1-0


[Site "https://www.chess.com"]

[Event "Titled Tuesday Blitz December 20 Early 2022"]
[White "ChessicallyInclined"]
[Black "Arora, Tashika"]
[BlackFideId "459305"]
[WhiteElo "2693"]
[BlackElo "1896"]
[Result "1-0"]
[Round "09"]
[TimeControl "180+2"]
[Date "2022.12.20"]
[WhiteClock "0:00:12"]
[BlackClock "0:00:02"]

1. a3 e5 2. c4 Nf6 3. Nc3 d5 4. cxd5 Nxd5 5. g3 c5 6. Bg2 Be6 7. d3 Nc6 8. Nf3 Be7 9. h4 f6 10. Bd2 O-O 11. Rc1 Rc8 12. h5 Qd7 13. Qa4 a6 14. Ne4 b5 15. Qd1 Nd4 16. e3 Nxf3+ 17. Bxf3 Nb6 18. Ba5 Na4 19. b3 Nb2 20. Qc2 Nxd3+ 21. Ke2 Nxc1+ 22. Rxc1 c4 23. b4 Bg4 24. Rd1 Qf5 25. Bxg4 Qxg4+ 26. f3 Qxh5 27. Rd7 Qh2+ 28. Nf2 Rf7 29. Qf5 Re8 30. Qe6 c3 31. Rc7 Qxg3 32. Rxc3 Qg6 33. Rc7 Kf8 34. Bb6 f5 35. Qxg6 hxg6 36. Nd3 Bf6 37. Rc6 1-0


[Site "https://www.chess.com"]

[Event "Titled Tuesday Blitz December 20 Early 2022"]
[White "Chessmissile07"]
[Black "Patterson, Fheopatrick"]
[BlackFideId "30939364"]
[WhiteElo "2730"]
[BlackElo "1497"]
[Result "0-1"]
[Round "09"]
[TimeControl "180+2"]
[Date "2022.12.20"]
[WhiteClock "0:00:03"]
[BlackClock "0:01:00"]

1. e4 c5 2. Nc3 e6 3. Nge2 Nc6 4. g3 g6 5. Bg2 Bg7 6. O-O Nge7 7. d3 O-O 8. Be3 d6 9. d4 cxd4 10. Nxd4 a6 11. Qd2 Ne5 12. Qe2 Qc7 13. Rad1 Bd7 14. Bf4 Rfc8 15. Nf3 N7c6 16. Rd2 b5 17. Nxe5 Nxe5 18. Bxe5 Bxe5 19. Rfd1 b4 20. Nb1 Bb5 21. Qe3 Bxb2 22. Rxd6 Qxc2 23. R6d2 Qa4 24. e5 Bc1 25. Bxa8 Qxd1+ 26. Rxd1 Bxe3 27. Bb7 Rc1 28. Rxc1 Bxc1 29. Be4 Bc4 30. f4 Be3+ 31. Kg2 Bxa2 32. Kf3 Bc1 33. Ke2 Bc4+ 34. Kd1 Be3 35. Kc2 a5 36. Bc6 Bg1 37. Nd2 Be2 38. h4 Bf2 39. Ne4 Be1 0-1


[Site "https://www.chess.com"]

[Event "Titled Tuesday Blitz December 20 Early 2022"]
[White "Coachpoker"]
[Black "vladoboch"]
[WhiteElo "2626"]
[BlackElo "2445"]
[Result "1-0"]
[Round "09"]
[TimeControl "180+2"]
[Date "2022.12.20"]
[WhiteClock "0:02:17"]
[BlackClock "0:00:15"]

1. d4 Nf6 2. c4 g6 3. Nc3 Bg7 4. e4 d6 5. Be2 O-O 6. Nf3 e5 7. O-O Nc6 8. d5 Ne7 9. Ne1 Nd7 10. Be3 f5 11. f3 f4 12. Bf2 g5 13. a4 a6 14. a5 Ng6 15. b4 Nf6 16. c5 h5 17. cxd6 cxd6 18. Na4 g4 19. Nb6 g3 20. Nxa8 gxf2+ 21. Rxf2 h4 22. Nb6 h3 23. Nxc8 Qxc8 24. Rc1 Qd7 25. Qc2 hxg2 26. Qc7 Qh3 27. Rxg2 Qh6 28. Qxb7 Nh5 29. Rc7 Nh4 30. Rg4 Qf6 31. b5 axb5 32. a6 Ng3 1-0


[Site "https://www.chess.com"]

[Event "Titled Tuesday Blitz December 20 Early 2022"]
[White "Coda, Carlos"]
[Black "Kukku, Ramesh"]
[WhiteFideId "110329"]
[BlackFideId "25695606"]
[WhiteElo "1971"]
[BlackElo "1575"]
[Result "1/2-1/2"]
[Round "09"]
[TimeControl "180+2"]
[Date "2022.12.20"]
[WhiteClock "0:00:48"]
[BlackClock "0:00:34"]

1. d4 c5 2. d5 Nf6 3. Nc3 Qa5 4. Nf3 b5 5. e3 b4 6. Ne2 Ba6 7. Ng3 Bxf1 8. Nxf1 g6 9. Ng3 Qa6 10. Ne2 Bg7 11. O-O O-O 12. a3 bxa3 13. Rxa3 Qb7 14. Nc3 d6 15. e4 Nbd7 16. Rb3 Qa6 17. Ra3 Qb7 18. Rb3 Qa6 19. Bf4 Rfb8 20. Re1 Rxb3 21. cxb3 Qb6 22. e5 dxe5 23. Nxe5 Nxe5 24. Bxe5 Rd8 25. h3 Qb7 26. Qf3 Nxd5 27. Bxg7 Kxg7 28. Nxd5 Qxd5 29. Qxd5 Rxd5 30. Rxe7 Rd2 31. Rxa7 Rxb2 32. Rc7 Rxb3 33. Rxc5 Rb1+ 34. Kh2 Rb2 35. Kg3 h5 36. Rc3 Rb4 37. Ra3 Rc4 38. f3 Rb4 39. h4 Rc4 40. Kh3 Rb4 41. g4 hxg4+ 42. fxg4 Rc4 43. Rb3 Rd4 44. Rc3 Rb4 45. Kg3 Ra4 46. Rb3 Rc4 47. Rb7 Rc3+ 48. Kg2 Rc4 49. Kf3 Rc3+ 50. Kf4 Rc4+ 51. Kf3 Rc3+ 52. Kf2 Rc4 53. Kg3 Rc3+ 54. Kg2 Rc4 55. Kh3 Rc3+ 56. Kh2 Rc4 57. Kg3 1/2-1/2


[Site "https://www.chess.com"]

[Event "Titled Tuesday Blitz December 20 Early 2022"]
[White "CraiggoryC"]
[Black "Huda, Maryana"]
[BlackFideId "14116553"]
[WhiteElo "2227"]
[BlackElo "2160"]
[Result "1-0"]
[Round "09"]
[TimeControl "180+2"]
[Date "2022.12.20"]
[WhiteClock "0:00:11"]
[BlackClock "0:00:02"]

1. e4 c5 2. Nf3 Nc6 3. d4 cxd4 4. Nxd4 g6 5. Nc3 Bg7 6. Be3 Nf6 7. Bc4 O-O 8. Bb3 Re8 9. O-O a6 10. Re1 e6 11. f4 d5 12. e5 Nd7 13. Nf3 b5 14. Nxd5 exd5 15. Qxd5 Ndxe5 16. Nxe5 Nxe5 17. Qxa8 Nc4 18. Rad1 Qc7 19. Bf2 Rf8 20. Bxc4 Qxc4 21. c3 Qxf4 22. Bc5 Be5 23. g3 Bb7 24. Qxb7 Rb8 25. Qxb8+ Bxb8 26. gxf4 Bxf4 27. Rd8+ Kg7 28. Bf8+ Kf6 29. Bd6 1-0


[Site "https://www.chess.com"]

[Event "Titled Tuesday Blitz December 20 Early 2022"]
[White "DefiantChair"]
[Black "Kopylov_Alex"]
[WhiteElo "2631"]
[BlackElo "2790"]
[Result "0-1"]
[Round "09"]
[TimeControl "180+2"]
[Date "2022.12.20"]
[WhiteClock "0:00:14"]
[BlackClock "0:01:33"]

1. e4 e5 2. Nf3 Nc6 3. Bb5 a6 4. Ba4 d6 5. c3 Bd7 6. d4 Nf6 7. O-O g6 8. d5 Ne7 9. Bxd7+ Nxd7 10. c4 h6 11. Nc3 f5 12. b4 a5 13. Rb1 axb4 14. Rxb4 b6 15. a4 f4 16. Ne1 Rg8 17. Nd3 g5 18. Qh5+ Ng6 19. Nb5 Nf6 20. Qd1 g4 21. Bd2 Nxe4 22. Re1 Nxd2 23. Qxd2 Be7 24. Nc3 Qd7 25. Nb2 Qf5 26. Ne4 Nh4 27. Rb3 h5 28. Kh1 Kf7 29. Ra3 f3 30. g3 Ng2 31. Nd3 h4 32. Kg1 Rh8 33. Nb4 Nxe1 34. Qxe1 Qh7 35. Ra2 Rxa4 36. Rxa4 hxg3 37. fxg3 Qxh2+ 38. Kf1 Qg2# 0-1


[Site "https://www.chess.com"]

[Event "Titled Tuesday Blitz December 20 Early 2022"]
[White "Dela Cruz, Noel"]
[Black "Rakhmanov_Aleksandr"]
[WhiteFideId "5207649"]
[WhiteElo "2241"]
[BlackElo "2797"]
[Result "1-0"]
[Round "09"]
[TimeControl "180+2"]
[Date "2022.12.20"]
[WhiteClock "0:00:09"]
[BlackClock "0:00:06"]

1. d4 Nf6 2. c4 d6 3. Nf3 g6 4. g3 Bg7 5. Bg2 c6 6. Nc3 Bf5 7. Nh4 Be6 8. d5 cxd5 9. cxd5 Bd7 10. O-O O-O 11. Be3 Ng4 12. Bd4 Bxd4 13. Qxd4 Qb6 14. Qd2 Na6 15. h3 Nf6 16. Kh2 Rfc8 17. e4 Rc4 18. Rad1 Nc5 19. Rfe1 Rc8 20. f4 Na4 21. e5 dxe5 22. fxe5 Nh5 23. e6 fxe6 24. dxe6 Bc6 25. Bxc6 Qxc6 26. Nd5 Qe8 27. Qg5 Rc2+ 28. Kg1 Nf6 29. Nxf6+ exf6 30. Qxf6 Qf8 31. Qxf8+ Kxf8 32. Rd7 Rxb2 33. Rxh7 Kg8 34. Rf7 g5 35. Nf5 Rcc2 36. Nh6+ Kh8 37. e7 Rg2+ 38. Kf1 Rh2 39. e8=Q# 1-0


[Site "https://www.chess.com"]

[Event "Titled Tuesday Blitz December 20 Early 2022"]
[White "Derybas, Igor"]
[Black "Witek, Tomasz"]
[WhiteFideId "41846400"]
[BlackFideId "1130056"]
[WhiteElo "1490"]
[BlackElo "2000"]
[Result "1/2-1/2"]
[Round "09"]
[TimeControl "180+2"]
[Date "2022.12.20"]
[WhiteClock "0:00:01"]
[BlackClock "0:00:05"]

1. d4 d5 2. c4 e6 3. Nc3 c5 4. Nf3 cxd4 5. Nxd4 e5 6. Ndb5 a6 7. Qa4 Bd7 8. Nxd5 Bxb5 9. cxb5 Qxd5 10. bxa6+ b5 11. e4 bxa4 12. exd5 Bb4+ 13. Kd1 Nf6 14. a3 Bd6 15. Bb5+ Ke7 16. Bxa4 Nxa6 17. Bc6 Rab8 18. Re1 Rhd8 19. b4 Nc7 20. f4 e4 21. Bb2 Ncxd5 22. Bxd5 Nxd5 23. Rxe4+ Kf8 24. Ke2 Nxf4+ 25. Kf3 Ne6 26. h4 Be7 27. g3 h5 28. Rae1 Rd5 29. Re5 Rd3+ 30. R1e3 Rxe3+ 31. Rxe3 Rc8 32. Rb3 Bf6 33. Bxf6 gxf6 34. Ke4 Ke7 35. a4 Rb8 36. Kd5 Rd8+ 37. Kc6 Rc8+ 38. Kb7 Rc7+ 39. Kb6 Rc1 40. a5 Nc7 41. Re3+ Kd6 42. Rd3+ Nd5+ 43. Kb5 Rb1 44. Rd4 Ke5 45. Rc4 Kd6 46. Rc6+ Kd7 47. a6 Nc7+ 48. Kb6 Nd5+ 49. Kc5 Nxb4 50. Rd6+ Kc7 51. Rxf6 Nd3+ 52. Kd4 Nb4 53. Rxf7+ Kb6 54. a7 Ra1 55. Ke5 Nc6+ 56. Kf5 Nxa7 57. Kg5 Ra5+ 58. Rf5 Nc6 59. Rxa5 Kxa5 60. Kxh5 Kb5 1/2-1/2


[Site "https://www.chess.com"]

[Event "Titled Tuesday Blitz December 20 Early 2022"]
[White "Diaz Argandona, Balack Leo"]
[Black "Flaccidmoves"]
[WhiteFideId "3847160"]
[WhiteElo "1496"]
[BlackElo "2436"]
[Result "1-0"]
[Round "09"]
[TimeControl "180+2"]
[Date "2022.12.20"]
[WhiteClock "0:00:55"]
[BlackClock "0:00:05"]

1. d4 Nf6 2. c4 g6 3. Nc3 d5 4. cxd5 Nxd5 5. Bd2 Bg7 6. e4 Nb6 7. Be3 Nc6 8. d5 Ne5 9. f4 Ned7 10. Bd4 Bxd4 11. Qxd4 O-O 12. Nf3 c6 13. O-O-O cxd5 14. exd5 Nf6 15. Ne5 Bd7 16. Be2 Rc8 17. Kb1 Qc7 18. h4 h5 19. g4 Bxg4 20. Bxg4 hxg4 21. h5 gxh5 22. Rdg1 Qc5 23. Qd1 Nbxd5 24. Rxh5 Nxc3+ 25. bxc3 Qxg1 26. Qxg1 Nxh5 27. Qxg4+ Ng7 28. c4 e6 29. Nd7 Rfd8 30. Nf6+ Kf8 31. Nh7+ Kg8 32. Qh4 Rd1+ 33. Kc2 Rcd8 34. Nf6+ Kf8 35. Nd5 R1xd5 36. cxd5 Rxd5 37. Qh8+ Ke7 38. Qxg7 Rc5+ 39. Kb3 Rb5+ 40. Kc4 Rb6 41. Qg5+ Ke8 42. a4 Rc6+ 43. Kd4 Kd7 44. Qf6 Rd6+ 45. Kc4 Ke8 46. Qe5 Rc6+ 47. Kd3 Kd7 48. Ke4 Rd6 49. Kf3 Rd5 50. Qb8 Kc6 51. Qxa7 Rf5 52. a5 Rb5 53. Kg4 f6 54. Qa8 Kd6 55. Qd8+ Kc5 56. Qc7+ Kb4 57. Qe7+ Kxa5 58. Qxf6 b6 59. Qxe6 Ka4 60. Qc6 Ka5 61. f5 Rc5 62. Qxc5+ bxc5 63. f6 c4 64. f7 c3 65. f8=Q Ka4 66. Qf1 Kb3 67. Qc1 1-0


[Site "https://www.chess.com"]

[Event "Titled Tuesday Blitz December 20 Early 2022"]
[White "Djeno, Drago"]
[Black "Manish Anto Cristiano F"]
[WhiteFideId "14400421"]
[BlackFideId "25095927"]
[WhiteElo "2223"]
[BlackElo "2485"]
[Result "0-1"]
[Round "09"]
[TimeControl "180+2"]
[Date "2022.12.20"]
[WhiteClock "0:01:00"]
[BlackClock "0:01:38"]

1. Nc3 g6 2. e4 Bg7 3. Bc4 d6 4. f4 c5 5. Nf3 Nc6 6. O-O Nf6 7. e5 dxe5 8. fxe5 Nxe5 9. Nxe5 Qd4+ 10. Kh1 Qxe5 11. d4 Qxd4 12. Qe2 O-O 13. Nb5 Qg4 14. Qxe7 a6 15. Nd6 Be6 16. h3 Qh4 17. Bxe6 fxe6 18. Qxe6+ Kh8 19. Nf7+ Rxf7 20. Qxf7 Nh5 21. Bf4 Rf8 22. Qc7 Nxf4 23. Rf3 Qg5 24. g3 Qd5 25. Rf1 Ne6 26. c4 Qe4 27. Qe7 Rxf3 28. Rxf3 Qxf3+ 29. Kh2 Qf2+ 30. Kh1 Bd4 31. Qe8+ Kg7 32. Qe7+ Kg8 33. Qxe6+ Kg7 34. Qe7+ Qf7 35. Qe2 b5 36. cxb5 Qd5+ 37. Kh2 axb5 38. Qxb5 Qf3 39. Qd7+ Kh6 40. Qd6 Qf2+ 0-1


[Site "https://www.chess.com"]

[Event "Titled Tuesday Blitz December 20 Early 2022"]
[White "Durin, Jean-Pierre"]
[Black "D`Arruda, Ricardo D."]
[WhiteFideId "26026600"]
[BlackFideId "100692"]
[WhiteElo "1819"]
[BlackElo "2271"]
[Result "0-1"]
[Round "09"]
[TimeControl "180+2"]
[Date "2022.12.20"]
[WhiteClock "0:00:02"]
[BlackClock "0:00:19"]

1. d4 Nf6 2. Bg5 d6 3. Bxf6 exf6 4. c4 g6 5. g3 Bg7 6. Bg2 f5 7. e3 O-O 8. Ne2 Nc6 9. O-O Re8 10. Nbc3 Bd7 11. Nd5 Rb8 12. b4 Ne7 13. Nec3 c6 14. Nxe7+ Qxe7 15. a4 g5 16. b5 f4 17. Re1 fxg3 18. hxg3 f5 19. Qd2 Qf6 20. f4 Re7 21. a5 a6 22. bxc6 bxc6 23. Rab1 Rbe8 24. Rb6 Bh6 25. Bxc6 Bxc6 26. Rxc6 gxf4 27. Nd5 Qg6 28. Qg2 fxg3 29. Nxe7+ Rxe7 30. Rc8+ Kg7 31. Qd5 Qf7 32. Qxf7+ Kxf7 33. Kg2 f4 34. Rc6 Re6 35. d5 Re4 36. Rxd6 Bf8 37. Re6 Rxc4 38. exf4 Rc5 39. d6 Rxa5 40. Kxg3 Rd5 41. R1e5 Rd3+ 42. Kg4 a5 43. Rxa5 Kxe6 0-1


[Site "https://www.chess.com"]

[Event "Titled Tuesday Blitz December 20 Early 2022"]
[White "EdgePlosion"]
[Black "lamomiajunior"]
[WhiteElo "2420"]
[BlackElo "2526"]
[Result "1/2-1/2"]
[Round "09"]
[TimeControl "180+2"]
[Date "2022.12.20"]
[WhiteClock "0:00:14"]
[BlackClock "0:00:49"]

1. e4 c6 2. d4 d5 3. e5 Bf5 4. Nd2 e6 5. Nb3 Nd7 6. Nf3 a6 7. Be2 c5 8. dxc5 Nxc5 9. Nfd4 Bg6 10. O-O Rc8 11. Be3 Nxb3 12. axb3 Ne7 13. c3 Nc6 14. Nxc6 Rxc6 15. b4 b5 16. Ra5 Qc8 17. Qa1 Be7 18. Bxb5 axb5 19. Ra8 O-O 20. Rxc8 Rfxc8 21. Qa7 R6c7 22. Qb6 Bd3 23. Rd1 Bc4 24. Ra1 Rc6 25. Qb7 R6c7 26. Ra8 Rxb7 27. Rxc8+ Bf8 28. Bc5 h6 29. Bxf8 Kh7 30. Bc5 Kg6 31. f4 Kf5 32. g3 Ke4 33. Rg8 g6 34. Kf2 Kd3 35. Rh8 h5 36. h3 Kc2 37. g4 hxg4 38. hxg4 Kxb2 39. Bd4 Bd3 40. Ke3 Be4 41. Rf8 Kb3 42. Kd2 Bf3 43. g5 Be4 44. Bc5 Rc7 45. Rb8 Kc4 46. Bb6 Rc6 47. Bd4 Ra6 48. Rb7 Ra2+ 49. Ke3 Ra1 50. Rc7+ Kb3 51. Rxf7 Re1+ 52. Kd2 Rh1 53. Rf6 Bf5 54. Rf8 Rh2+ 55. Ke3 Bg4 56. f5 Bxf5 57. Rb8 Kc2 58. Rxb5 Rh3+ 59. Kf4 Rh4+ 60. Kg3 Rg4+ 61. Kf3 Rxg5 62. Rb8 Be4+ 63. Kf4 Rf5+ 64. Kg4 Bf3+ 65. Kg3 Be2 66. b5 Rf7 67. b6 g5 68. Ra8 Rf3+ 69. Kg2 Rf7 70. Ra7 Rf8 71. b7 Rb8 72. Bc5 d4 73. cxd4 Bd3 74. Kg3 Be4 75. Kg4 Rxb7 76. Rxb7 Bxb7 77. Kxg5 Bd5 78. Kf6 Kb3 79. Ke7 Kc4 80. Kd6 Kb3 81. Kc7 Kc4 82. Kb6 Kb3 83. Kb5 Kc2 84. Bb6 Kd2 85. Kc5 Ke2 86. Kd6 Kf3 87. Kc5 Ke4 88. Kd6 Kd3 89. Kc5 Ke4 90. Kd6 Kd3 91. Kc5 Ke4 1/2-1/2


[Site "https://www.chess.com"]